 Dungeon Crawl Stone Soup version 0.25-a0-990-g0adbbaad2a (webtiles) character file.

Game seed: 5691226163715817613, levelgen mode: deterministic

35 Azyl the Conjurer (level 3, 0/26 HPs)
             Began as a Draconian Conjurer on May 10, 2020.
             Slain by an orc
             ... wielding a +2 flail of protection
              (2 damage)
             ... on level 2 of the Dungeon.
             The game lasted 00:05:39 (1188 turns).

Azyl the Conjurer (Draconian Conjurer)              Turns: 1188, Time: 00:05:40

Health: 0/26       AC:  5    Str: 10    XL:     3   Next: 16%
Magic:  1/6        EV: 11    Int: 16    God:
Gold:   65         SH:  3    Dex: 11    Spells: 3/6 levels left

rFire    . . .     SeeInvis .   f - +0 short sword
rCold    . . .     Gourm    .   a - +0 buckler
rNeg     . . .     Faith    .   (armour unavailable)
rPois    .         Spirit   .   (helmet restricted)
rElec    .         Reflect  .   (no cloak)
rCorr    .         Harm     .   (no gloves)
MR       .....                  (no boots)
Stlth    ++........             (no amulet)
HPRegen  0.08/turn              (no ring)
MPRegen  0.10/turn              (no ring)

@: no status effects
A: unfitting armour, cold-blooded, AC +5
a: no special abilities


You were on level 2 of the Dungeon.
You were not hungry.

You visited 1 branch of the dungeon, and saw 2 of its levels.

You collected 65 gold pieces.

Inventory:

Hand Weapons
 f - a +0 short sword (weapon)
Armour
 a - a +0 buckler (worn)
Scrolls
 d - a scroll of fog {unknown}
 e - 3 scrolls of identify {unknown}
 g - a scroll of amnesia {unknown}
 i - a scroll of magic mapping {unknown}
 j - a scroll of fear {unknown}
Potions
 c - a potion of haste {unknown}
 h - a potion of curing {unknown}


   Skills:
 - Level 1.7 Dodging
 - Level 1.7 Stealth
 + Level 2.3 Spellcasting
 + Level 4.9 Conjurations


You had 3 spell levels left.
You knew the following spells:

 Your Spells              Type           Power        Failure   Level  Hunger
a - Magic Dart            Conj           ###.         4%          1    #......
b - Searing Ray           Conj           ###...       7%          2    ###....

Your spell library contained the following spells:

 Spells                   Type           Power        Failure   Level  Hunger
 Dazzling Flash           Conj/Hex       #.....       36%         3    ###....
 Fulminant Prism          Conj/Hex       #.........   77%         4    #####..
 Iskenderun's Mystic Bla  Conj/Tloc      #.......     77%         4    #####..


Dungeon Overview and Level Annotations

Branches:
Dungeon (2/15)

Altars:
Nemelex Xobeh


Innate Abilities, Weirdness & Mutations

Your plain brown scales are hard. (AC +5)
You cannot fit into any form of body armour.
You are cold-blooded and may be slowed by cold attacks.


Message History

You barely miss the orc.
Your tail-slap misses the orc.
The orc is severely wounded.
The orc hits you with a +2 flail of protection.
* * * LOW HITPOINT WARNING * * *
You barely miss the orc.
The orc is severely wounded.
The orc misses you.
You closely miss the orc.
You tail-slap the orc, but do no damage.
The orc is severely wounded.
The orc hits you with a +2 flail of protection.
* * * LOW HITPOINT WARNING * * *
You hit the orc but do no damage.
The orc is severely wounded.
The orc hits you with a +2 flail of protection.
* * * LOW HITPOINT WARNING * * *
You barely miss the orc.
The orc is severely wounded.
The orc hits you with a +2 flail of protection.
You die...

#.#.###
#.....#
#.#.#.#
#.#.#.#
#.#.#.#
#...#.#
#)....#
#o#####
#@# ###


You could see an orc.

Vanquished Creatures
  An ooze (D:1)
  A worm (D:2)
  A dart slug (D:1)
  A leopard gecko (D:1)
  An orc (D:2)
  A ball python (D:1)
  A bat (D:2)
  2 giant cockroaches (D:1)
  A hobgoblin (D:1)
  2 frilled lizards
  4 goblins
  4 kobolds (D:1)
  3 rats (D:1)
23 creatures vanquished.

Notes
Turn   | Place    | Note
-------+----------+-------------------------------------------
     0 | D:1      | Azyl the Draconian Conjurer began the quest for the Orb.
     0 | D:1      | Reached XP level 1. HP: 14/14 MP: 3/3
   143 | D:1      | Found a sparkling altar of Nemelex Xobeh.
   262 | D:1      | Reached XP level 2. HP: 19/20 MP: 0/5
   386 | D:1      | Learned a level 2 spell: Searing Ray
  1034 | D:2      | Reached XP level 3. HP: 26/26 MP: 0/6
  1188 | D:2      | Slain by an orc

Illustrated notes

Levels and vault maps discovered:
D:1:      erik_arrival_orb_chamber, layout_basic, nemelex_altar_shiori
D:2:      layout_basic

Action                   || total
-------------------------++-------
Melee: Short sword       ||    20
       Tailslap          ||     5
 Cast: Magic Dart        ||    36
       Searing Ray       ||     4
  Eat: Ration            ||     1
Armor: Skin              ||     5
Dodge: Dodged            ||    15
Block: Buckler           ||     1

Table legend:
 A = Non-vault XP
 B = Vault XP
 C = Vault XP percentage of total XP
 D = Non-vault monster count
 E = Vault monster count
 F = Vault count percentage of total count
                 A         B        C        D         E       F
            +---------+---------+-------+---------+---------+-------
      Total |      50 |       0 |   0.0 |      23 |       0 |   0.0
            +---------+---------+-------+---------+---------+-------
        D:1 |      37 |       0 |   0.0 |      18 |       0 |   0.0
        D:2 |      13 |       0 |   0.0 |       5 |       0 |   0.0
            +---------+---------+-------+---------+---------+-------
